 Dungeon Crawl Stone Soup version 0.32-a0-290-g598725c5f2 (webtiles) character file.

Game seed: 3559476331509682535

257 Sobieck the Ruffian (level 5, 0/53 HPs)
             Began as a Troll Fighter on Feb 13, 2024.
             Slain by an orc
             ... wielding a +0 hand axe
              (7 damage)
             ... on level 4 of the Dungeon.
             The game lasted 00:03:07 (1734 turns).

Sobieck the Ruffian (Troll Fighter)                 Turns: 1734, Time: 00:03:08

Health: 0/53       AC:  4    Str: 24    XL:     5   Next: 93%
Magic:  4/4        EV:  9    Int:  6    God:
Gold:   199        SH:  8    Dex:  9    Spells: 4/4 levels left

rFire   . .          .
                       - Unarmed
rCold   . . .        e - +0 kite shield
rNeg    . . .        a - +0 robe
rPois   .            (helmet restricted)
rElec   .            (no cloak)
rCorr   .            (gloves unavailable)
SInv    .            (boots unavailable)
Will    .....        (no amulet)
Stlth   +            (no ring)
HPRegen 1.08/turn    (no ring)
MPRegen 0.09/turn

%: no passive effects
@: no status effects
A: large, unfitting armour, claws 3, regeneration 1, shaggy fur 1, tough skin 1
a: no special abilities


You were on level 4 of the Dungeon.
You visited 1 branch of the dungeon, and saw 4 of its levels.

You collected 199 gold pieces.

Inventory:

Hand Weapons
 b - a +0 sling
Missiles
 i - 28 stones
 j - 2 poisoned darts (quivered)
 k - 5 curare-tipped darts
Armour
 a - a +0 robe (worn)
 e - a +0 kite shield (worn)
Wands
 p - a wand of quicksilver (6)
Scrolls
 d - 2 scrolls of identify {unknown}
 f - 2 scrolls of vulnerability {unknown}
 h - a scroll of revelation {unknown}
 l - a scroll of teleportation {unknown}
 m - a scroll of fear {unknown}
Potions
 c - a potion of might
 g - 5 potions of curing {unknown}
 n - a potion of degeneration {unknown}
 o - a potion of magic {unknown}
 q - a potion of heal wounds {unknown}


   Skills:
 + Level 3.2 Fighting
 + Level 3.2 Dodging
 + Level 3.6 Shields
 * Level 4.2 Unarmed Combat


You had 4 spell levels left.
You didn't know any spells.
Your spell library contained the following spells:

 Spells                   Type           Power      Damage    Failure   Level
 Call Imp                 Summ           0%         N/A       85%         2
 Ensorcelled Hibernation  Hex/Ice        0%         N/A       85%         2
 Sublimation of Blood     Necr           0%         N/A       85%         2
 Passwall                 Erth           0%         N/A       97%         3
 Swiftness                Air            0%         N/A       97%         3
 Petrify                  Alch/Erth      0%         N/A       100%        4
 Irradiate                Conj/Alch      0%         3d11      100%        5
 Summon Hydra             Summ           0%         N/A       100%        7


Dungeon Overview and Level Annotations

Branches:
Dungeon (4/15)
 Temple: D:4-7

Altars:
Hepliaklqana
Ru

Shops:
D:2 =


Innate Abilities, Weirdness & Mutations

You are too large for most types of armour.
You have claws for hands.
Your natural rate of healing is unusually fast.
You are covered in fur. (AC +1)
You have tough skin. (AC +1)


Message History

You barely miss something. Something hits you.
Unknown command.
You bump into the rock wall.
You feel less confused. Something hits you. The orc barely misses you.
Something hits you.
Unknown command.
You miss something. Something hits you. The orc hits you with a +0 hand axe.
You barely miss something. You claw something.
You hear some strange, mumbled words.
A puff of flame appears from out of thin air!
The puff of flame hits you!
* * * LOW HITPOINT WARNING * * *
The orc hits you with a +0 hand axe.
* * * LOW HITPOINT WARNING * * *
You miss something. Something hits you but does no damage.
The orc closely misses you. Something hits you.
* * * LOW HITPOINT WARNING * * *
You scratch something. Something hits you.
* * * LOW HITPOINT WARNING * * *
The goblin hits you but does no damage. You block the orc's attack.
You hear some strange, mumbled words.
A puff of flame appears from out of thin air!
You block the puff of flame.
Unknown command.
You miss something. The goblin closely misses you. You block the orc's attack.
Something hits you.
* * * LOW HITPOINT WARNING * * *
You scratch something but do no damage. The goblin barely misses you.
The orc barely misses you.
You hear some strange, mumbled words.
A puff of flame appears from out of thin air!
The puff of flame hits you!
* * * LOW HITPOINT WARNING * * *
You barely miss something. You block the goblin's attack.
The orc hits you with a +0 hand axe.
* * * LOW HITPOINT WARNING * * *
Something hits you but does no damage.
You closely miss something. The goblin barely misses you. Something hits you.
* * * LOW HITPOINT WARNING * * *
You block the orc's attack.
You hear some strange, mumbled words.
A puff of flame appears from out of thin air!
The puff of flame hits you!
* * * LOW HITPOINT WARNING * * *
You barely miss something. The goblin hits you but does no damage.
The orc barely misses you. Something hits you.
* * * LOW HITPOINT WARNING * * *
You scratch something but do no damage. The goblin hits you but does no damage.
The orc hits you with a +0 hand axe!
You die... #. ..... #.
PP......ß #..
PPP........ #..
PP.........

#..PP.....P.PPP
#..PPP.........
#....g.........
#.!.@o.........
#####{.........
#..........
##).......##
#<†.##....#
##...#.).##
###....## ....#
.#....


You could see an orc and a goblin.

Vanquished Creatures
  2 hounds (D:4)
  A jelly (D:4)
  Jessica (D:3)
  4 adders
  A gnoll (D:3)
  A ribbon worm (D:2)
  7 orcs
  4 bats
  3 endoplasms
  4 goblins
  7 hobgoblins
  A quokka (D:1)
  3 ball pythons
  3 frilled lizards
  7 kobolds
  5 rats
54 creatures vanquished.

Notes
Turn   | Place    | Note
-------+----------+-------------------------------------------
     0 | D:1      | Sobieck the Troll Fighter began the quest for the Orb.
     0 | D:1      | Reached XP level 1. HP: 22/22 MP: 0/0
   208 | D:1      | Reached XP level 2. HP: 28/29 MP: 1/1
   440 | D:2      | Found Qoizoci's Jewellery Boutique.
   587 | D:2      | Reached XP level 3. HP: 36/36 MP: 2/2
   718 | D:2      | Reached skill level 3 in Shields
   873 | D:2      | Reached skill level 3 in Unarmed Combat
   933 | D:3      | Found a sacrificial altar of Ru.
   985 | D:3      | Reached XP level 4. HP: 42/44 MP: 3/3
  1128 | D:3      | Found a hazy altar of Hepliaklqana.
  1299 | D:3      | Noticed Jessica
  1303 | D:3      | Killed Jessica
  1304 | D:3      | Reached skill level 3 in Fighting
  1304 | D:3      | Reached skill level 3 in Dodging
  1435 | D:3      | Reached XP level 5. HP: 47/53 MP: 4/4
  1698 | D:4      | Reached skill level 4 in Unarmed Combat
  1734 | D:4      | Slain by an orc

Illustrated notes

Levels and vault maps discovered:
D:1:      zelgadis_glass_arrival_small, layout_rooms, minmay_misc_feat_iff,
          serial_park_tiny_2
D:2:      minmay_diamond_boxcup, layout_basic, serial_shops,
          nicolae_shop_pleasant_corner_grove, fountainhead, st_stairs_1
D:3:      layout_basic, mainiacjoe_overflow_chevrons, lemuel_crystal_altar,
          minmay_fractal_squares_gapless_5, uniq_jessica
D:4:      layout_cave_pools, serial_park, serial_park_tiny_pond,
          serial_park_tiny_1, serial_park_paths [serial_park_minivault_5x5_7],
          serial_park_tiny_2, uniq_crazy_yiuf_cottage, uniq_duvessa

Skill      XL: |  1  2  3  4  5 |
---------------+----------------+-----
Shields        | 3 |  3.6
Unarmed Combat | 3 4 |  4.2
Fighting       | 3 |  3.2
Dodging        | 3 |  3.2

Action                     |  1- 3 |  4- 6 || total
---------------------------+-------+-------++-------
  Melee: Unarmed           |    62 |    92 ||   154
         Punch             |     1 |     1 ||     2
   Fire: Sling             |    33 |     6 ||    39
   Stab: Sleeping          |     1 |       ||     1
 Armour: Robe              |    35 |    75 ||   110
  Dodge: Dodged            |    19 |    48 ||    67
  Block: Kite shield       |    18 |    52 ||    70

Table legend: (Time is in decaauts)
 A = Elapsed time spent in this place.
 B = Non-inter-level travel time spent in this place.
 C = Inter-level travel time spent in this place.
 D = Time resting spent in this place.
 E = Time spent auto-exploring this place.
 F = Levels seen in this place.
 G = Mean time per level.
                   A        B        C        D        E       F      G
               +--------+--------+--------+--------+--------+-----+--------+
         Total |   1754 |   1670 |     84 |      0 |   1298 |   4 |  438.5 |
       Dungeon |   1754 |   1670 |     84 |      0 |   1298 |   4 |  438.5 |
               +--------+--------+--------+--------+--------+-----+--------+

Top non-repeatable levels by time:
     D:3: 756 daAuts
     D:2: 549 daAuts
     D:1: 381 daAuts
     D:4: 66 daAuts
